 Dungeon Crawl Stone Soup version 0.27-a0-1590-g15f69828bf (webtiles) character file.

Game seed: 17850188819927162603

2706 duskshroud the Grappler (level 9, 0/92 HPs)
             Began as a Troll Hunter on July 19, 2021.
             Was an Initiate of Ru.
             Slain by Joseph (16 damage)
             ... on level 7 of the Dungeon.
             The game lasted 00:20:29 (5588 turns).

duskshroud the Grappler (Troll Hunter)              Turns: 5588, Time: 00:20:30

Health: 0/92       AC:  5    Str: 24    XL:     9   Next: 39%
Magic:  8/8        EV:  9    Int:  7    God:    Ru [......]
Gold:   361        SH:  0    Dex: 11    Spells: 8/8 levels left

rFire    . . .     SeeInvis .     - Unarmed
rCold    . . .     Faith    +   (no shield)
rNeg     . . .     Spirit   .   b - +0 robe
rPois    .         Reflect  .   (helmet restricted)
rElec    .         Harm     .   p - +0 cloak
rCorr    .         Rampage  .   (gloves unavailable)
Will     .....                  (boots unavailable)
Stlth    +.........             h - amulet of faith
HPRegen  1.25/turn              (no ring)
MPRegen  0.11/turn              (no ring)

@: no status effects
A: large, unfitting armour, claws 3, regeneration 1, shaggy fur 1, tough skin 1
a: Renounce Religion


You were on level 7 of the Dungeon.
You worshipped Ru.
Ru was noncommittal.
You visited 2 branches of the dungeon, and saw 8 of its levels.

You collected 361 gold pieces.

Inventory:

Hand Weapons
 x - a +0 trident of venom
 y - a +0 flail of protection
Missiles
 c - 5 large rocks (quivered)
 d - 3 throwing nets
 e - 2 silver javelins
 k - 11 poisoned darts
Armour
 b - a +0 robe (worn)
 p - a +0 cloak (worn)
Jewellery
 h - an amulet of faith (around neck)
 n - a ring of flight
 q - a ring of fire
 u - a +6 ring of intelligence
 w - a ring of fire
Wands
 s - a wand of digging (8)
 C - a wand of flame (15)
Scrolls
 a - 3 scrolls of noise
 j - 3 scrolls of summoning
 m - 2 scrolls of teleportation
 o - 2 scrolls of fog {unknown}
 r - a scroll of amnesia {unknown}
 v - a scroll of enchant armour {unknown}
 z - a scroll of brand weapon {unknown}
 A - 2 scrolls of enchant weapon {unknown}
 B - a scroll of magic mapping {unknown}
Potions
 g - 3 potions of curing
 i - a potion of haste
 l - 2 potions of heal wounds
 t - a potion of cancellation


   Skills:
 + Level 6.4 Fighting
 - Level 3.6 Throwing
 - Level 1.5 Dodging
 - Level 0.3 Stealth
 * Level 10.4 Unarmed Combat


You had 8 spell levels left.
You didn't know any spells.
Your spell library contained the following spells:

 Spells                   Type           Power      Damage    Failure   Level
 Sandblast                Erth           0%         2d4       43%         1
 Passwall                 Tmut/Erth      0%         N/A       56%         2
 Slow                     Hex            0%         N/A       56%         2
 Confusing Touch          Hex            0%         N/A       80%         3
 Vampiric Draining        Necr           0%         2d6       80%         3
 Lee's Rapid Deconstruct  Erth           0%         3d5*      100%        5


Dungeon Overview and Level Annotations

Branches:
Dungeon (7/15)             Temple (1/1) D:7

Altars:
Ashenzari
Cheibriados
Dithmenos
Elyvilon
Fedhas
Gozag
Hepliaklqana
Kikubaaqudgha
Makhleb
Nemelex Xobeh
Okawaru
Qazlal
Ru
Sif Muna
Trog
Uskayaw
Vehumet
Wu Jian
Xom
Yredelemnul
Zin
The Shining One

Shops:
D:2 [   D:4 (

Annotations:
D:7 Joseph


Innate Abilities, Weirdness & Mutations

You are too large for most types of armour.
You have claws for hands.
Your natural rate of healing is unusually fast.
You are covered in fur. (AC +1)
You have tough skin. (AC +1)


Message History

You scratch Joseph.
Joseph is lightly wounded.
You mangle Joseph!! You claw Joseph!
Joseph is heavily wounded.
Joseph hits you with a +0 quarterstaff!
You scratch Joseph but do no damage.
Joseph is heavily wounded.
Joseph barely misses you.
You completely miss Joseph.
Joseph is heavily wounded.
Joseph shouts, "I love to fight!
I love killing!"
Joseph hits you with a +0 quarterstaff!
You closely miss Joseph.
Joseph is heavily wounded.
You closely miss Joseph.
Joseph is heavily wounded.
Joseph closely misses you.
You closely miss Joseph.
Joseph is heavily wounded.
Joseph hits you with a +0 quarterstaff!
You are too injured to fight recklessly!
You are too injured to fight recklessly!
You are too injured to fight recklessly!
You are too injured to fight recklessly!
You mangle Joseph!!
Joseph is severely wounded.
Joseph hits you with a +0 quarterstaff!
You closely miss Joseph.
Joseph is severely wounded.
Joseph hits you with a +0 quarterstaff.
You closely miss Joseph.
Joseph is severely wounded.
You closely miss Joseph.
Joseph is severely wounded.
Joseph hits you with a +0 quarterstaff!!
* * * LOW HITPOINT WARNING * * *
You scratch Joseph.
Joseph is almost dead.
Joseph hits you with a +0 quarterstaff!
You die...

### ..# ..# ..
#.## #@.# #.@#
..# ##.# #..# #.#
#..# #.# #..#
##.# #..## #..##
#..###...#
#......#..... #
#####............


You could see Joseph.

Vanquished Creatures
  6 yaks (D:6)
  2 sky beasts (D:6)
  An ice beast (D:6)
  A black bear (D:5)
  2 centaurs
  2 scorpions (D:6)
  2 water moccasin skeletons
  5 killer bees (D:6)
  A bullfrog zombie (D:6)
  A centaur zombie (D:7)
  2 centaur skeletons
  3 hounds
  2 orc priests
  2 gnoll shamans (D:5)
  2 bullfrog skeletons
  3 iguanas
  4 orc wizards
  Robin (D:4)
  7 adders
  12 gnolls
  A white imp (D:5)
  2 ufetubi
  2 dart slugs
  35 orcs
  3 endoplasms
  2 giant cockroaches
  17 goblins
  7 hobgoblins
  11 jackals (D:1)
  2 quokkas
  5 ball pythons
  4 bats
  A frilled lizard (D:1)
  2 kobolds
  7 rats
  A spectral orc (D:5)
163 creatures vanquished.

Notes
Turn   | Place    | Note
-------+----------+-------------------------------------------
     0 | D:1      | duskshroud the Troll Hunter began the quest for the Orb.
     0 | D:1      | Reached XP level 1. HP: 19/19 MP: 0/0
    79 | D:1      | Reached skill level 1 in Unarmed Combat
   148 | D:1      | Reached XP level 2. HP: 27/28 MP: 1/1
   226 | D:1      | Found a faded altar of an unknown god.
   392 | D:1      | Reached skill level 2 in Unarmed Combat
   468 | D:1      | Reached XP level 3. HP: 35/35 MP: 2/2
   969 | D:2      | Reached skill level 3 in Unarmed Combat
   969 | D:2      | Reached XP level 4. HP: 44/44 MP: 3/3
  1163 | D:2      | Found Jatasm's Antique Armour Boutique.
  1533 | D:3      | Reached XP level 5. HP: 40/50 MP: 4/4
  1738 | D:3      | Reached skill level 4 in Unarmed Combat
  2438 | D:4      | Reached XP level 6. HP: 60/60 MP: 5/5
  2447 | D:4      | Noticed Robin
  2467 | D:4      | Killed Robin
  2480 | D:4      | Found Roliow's Antique Weapon Boutique.
  2666 | D:4      | Reached skill level 5 in Unarmed Combat
  3031 | D:5      | Entered Level 5 of the Dungeon
  3210 | D:5      | Reached XP level 7. HP: 66/68 MP: 6/6
  3311 | D:5      | Reached skill level 6 in Unarmed Combat
  3333 | D:5      | Found a shimmering blue altar of Sif Muna.
  3335 | D:5      | Found a shimmering altar of Xom.
  3336 | D:5      | Found a glowing silver altar of Zin.
  3336 | D:5      | Found a snail-covered altar of Cheibriados.
  3546 | D:5      | Found a hazy altar of Hepliaklqana.
  3952 | D:6      | Reached skill level 7 in Unarmed Combat
  4053 | D:6      | Reached XP level 8. HP: 63/79 MP: 7/7
  4120 | D:6      | Reached skill level 8 in Unarmed Combat
  4133 | D:6      | Reached skill level 5 in Fighting
  4496 | D:6      | Reached skill level 9 in Unarmed Combat
  4533 | D:6      | Reached XP level 9. HP: 55/89 MP: 8/8
  4990 | D:7      | Reached skill level 10 in Unarmed Combat
  5222 | D:7      | Found a staircase to the Ecumenical Temple.
  5233 | Temple   | Entered the Ecumenical Temple
  5296 | Temple   | Became a worshipper of Ru the Awakened
  5567 | D:7      | Noticed Joseph
  5588 | D:7      | Slain by Joseph

Illustrated notes

Levels and vault maps discovered:
D:1:      dpeg_arrival_pits, layout_loops_ring,
          shapermc_ecumenical_altar_mp_urbaneastern
D:2:      layout_loops_ring, serial_shops, nicolae_lakefront_shop
D:3:      layout_loops_ring
D:4:      layout_loops_ring, serial_shops, nicolae_square_shop, uniq_robin
D:5:      layout_loops_ring, nicolae_hepliaklqana_monster_ancestors,
          mainiacjoe_overflow_alcove_3
D:6:      layout_gridville, serial_glass, glass_columns_c, glass_columns_a
D:7:      layout_layer_cave, minmay_temple_entry_mist, minmay_liquid_box,
          uniq_joseph
Temple:   minmay_crystal_spiral_temple

Skill      XL: |  1  2  3  4  5  6  7  8  9 |
---------------+----------------------------+-----
Unarmed Combat | 1 2 3 4 5 7 9 10 | 10.4
Fighting       | 2 3 4 5 6 |  6.4
Throwing       | |  3.6
Dodging        | |  1.5
Stealth        | |  0.3

Action                   |  1- 3 |  4- 6 |  7- 9 || total
-------------------------+-------+-------+-------++-------
Melee: Unarmed           |    98 |   153 |   211 ||   462
       Punch             |       |     1 |    10 ||    11
  Use: Scroll            |       |     3 |     3 ||     6
 Stab: Sleeping          |       |     1 |     1 ||     2
Armor: Robe              |    23 |    52 |    57 ||   132
Dodge: Dodged            |    32 |    50 |    98 ||   180

Table legend: (Time is in decaauts)
 A = Elapsed time spent in this place.
 B = Non-inter-level travel time spent in this place.
 C = Inter-level travel time spent in this place.
 D = Time resting spent in this place.
 E = Time spent auto-exploring this place.
 F = Levels seen in this place.
 G = Mean time per level.
                   A        B        C        D        E       F      G
               +--------+--------+--------+--------+--------+-----+--------+
         Total |   5551 |   5132 |    419 |    289 |   3225 |   8 |  693.9 |
       Dungeon |   5366 |   5037 |    329 |    289 |   3225 |   7 |  766.6 |
        Temple |    185 |     95 |     90 |      0 |      0 |   1 |  185.0 |
               +--------+--------+--------+--------+--------+-----+--------+

Top non-repeatable levels by time:
     D:6: 1264 daAuts
     D:5: 855 daAuts
     D:3: 825 daAuts
     D:2: 782 daAuts
     D:1: 743 daAuts
     D:4: 667 daAuts
     D:7: 227 daAuts
  Temple: 185 daAuts
